 Dungeon Crawl Stone Soup version 0.31-a0-836-g3ceb0a68c4 (webtiles) character file.

Game seed: 17618133590433717430

13567 lunkers the Black Belt (level 12, -8/101 HPs)
             Began as a Meteoran Shapeshifter on Sept 26, 2023.
             Was an Elder of Okawaru.
             Mangled by an orc warlord
             ... wielding a +3 battleaxe of freezing
              (9 damage)
             ... on level 1 of the Orcish Mines.
             The game lasted 00:18:12 (6744 turns).

lunkers the Black Belt (Meteoran Shapeshifter)      Turns: 6744, Time: 00:18:12

Health: -8/101     AC: 10    Str: 15    XL:     12   Next: 66%
Magic:  24/26      EV: 19    Int: 15    God:    Okawaru [****..]
Gold:   727        SH:  0    Dex: 17    Spells: 11/11 levels left

rFire   . .          .
                       - Unarmed
rCold   . . .        (shield currently unavailable)
rNeg    . . .        J - +1 troll leather armour
rPois   .            (no helmet)
rElec   .            f - +0 cloak
rCorr   .            h - +3 pair of gauntlets of War {Slay+5}
SInv    .            (no boots)
Will    +....        p - amulet of regeneration
Stlth   +            k - +4 ring of slaying
HPRegen 1.96/turn    w - ring of magical power
MPRegen 0.20/turn

%: no passive effects
@: flux-form, heroic, glowing
A: glow, contaminating, sense surroundings 2, otherworldly, glowing, explore
regen
a: Begin Untransformation, Renounce Religion, Heroism, Finesse


You were on level 1 of the Orcish Mines.
You worshipped Okawaru.
Okawaru was greatly pleased with you.
You were something dangerously unstable.
You visited 3 branches of the dungeon, and saw 13 of its levels.
You also visited: Ossuary.

You collected 727 gold pieces.

Inventory:

Missiles
 C - 2 throwing nets
Armour
 f - a +0 cloak (worn)
 h - the +3 pair of gauntlets of War (worn) {Slay+5}
   (You acquired it in an ossuary)

   Slay+5:    It affects your accuracy & damage with ranged weapons and melee
   (+5).
 i - a +0 scale mail
 u - a +2 pair of gloves
 J - a +1 troll leather armour (worn)
Jewellery
 k - a +4 ring of slaying (left hand)
 p - an amulet of regeneration (around neck)
 w - a ring of magical power (right hand)
 H - an amulet of reflection
Talismans
 c - a beast talisman
 d - a flux talisman (active)
 I - a maw talisman
Wands
 o - a wand of roots (7)
 t - a wand of mindburst (12)
 v - a wand of polymorph (5)
 K - a wand of flame (16)
Scrolls
 a - 2 scrolls of poison
 g - 2 scrolls of identify
 m - 4 scrolls of teleportation
 r - 2 scrolls of amnesia
 y - a scroll of noise
 G - 2 scrolls of fog
 L - 3 scrolls of revelation
Potions
 b - 2 potions of lignification
 e - 3 potions of haste
 j - 4 potions of mutation
 l - 7 potions of might
 n - 5 potions of curing
 q - a potion of invisibility
 s - 2 potions of heal wounds
 x - a potion of ambrosia {unknown}
 z - 2 potions of magic
 A - a potion of berserk rage {unknown}
 B - a potion of cancellation {unknown}
 D - 4 potions of brilliance
 E - 2 potions of enlightenment
Miscellaneous
 N - a phial of floods


   Skills:
 + Level 7.7(12.7) Fighting
 + Level 8.0(13.0) Dodging
 * Level 15.4(20.4) Unarmed Combat
 + Level 6.1 Invocations
 + Level 10.6 Shapeshifting


You had 11 spell levels left.
You didn't know any spells.
Your spell library contained the following spells:

 Spells                   Type           Power      Damage    Failure   Level
 Necrotise                Necr           0%         1d4       32%         1
 Wereblood                Tmut           0%         N/A       43%         2
 Frozen Ramparts          Ice            0%         1d1       67%         3
 Inner Flame              Hex/Fire       0%         N/A       67%         3
 Vampiric Draining        Necr           0%         2d6       67%         3
 Flame Wave               Conj/Fire      0%         2d4       97%         4
 Petrify                  Tmut/Erth      0%         N/A       97%         4
 Sticky Flame             Conj/Fire      0%         2d3       97%         4
 Agony                    Necr           0%         N/A       100%        5
 Irradiate                Conj/Tmut      0%         3d11      100%        5
 Metabolic Englaciation   Hex/Ice        0%         N/A       100%        5
 Orb of Destruction       Conj           0%         9d5       100%        7
 Summon Guardian Golem    Hex/Summ       Unusable   N/A       N/A         3
 Spellforged Servitor     Conj/Summ      Unusable   N/A       N/A         7

Dungeon Overview and Level Annotations

Branches:
Dungeon (11/15) Zot: 529   Temple (1/1) D:4 Zot: 442    Lair (0/5) D:10
    Orc (1/2) D:11 Zot: 493 Ossuary (visited)

Altars:
Ashenzari
Cheibriados
Dithmenos
Elyvilon
Fedhas
Gozag
Hepliaklqana
Makhleb
Okawaru
Qazlal
Ru
Sif Muna
Trog
Uskayaw
Vehumet
Wu Jian
Xom
Zin
The Shining One

Shops:
D:2 :   D:6 (   D:7 *

Annotations:
D:1 2 transporters
D:9 exclusion: ice statue
D:10 exclusion: 2 oklob plants


Innate Abilities, Weirdness & Mutations

You are something dangerously unstable.
You glow with magical radiation, making you easy to see and hit.
Foes you strike become dangerously contaminated with magical radiation.
You are incapable of wielding weapons or throwing items.
You passively map the area around you.
You are easily found by Zot.
You glow in the dark.
You regain HP and MP as you explore.


Message History

The orc hits you but does no damage. The orc barely misses you.
The orc closely misses you.
You punch the orc!
You kill the orc!
You completely miss the orc. The orc closely misses you. x2
You hit the orc.
The orc begins to glow.
The orc is heavily wounded.
The orc misses you. The orc completely misses you.
You punch the orc!
You kill the orc!
Okawaru accepts your kill. The orc misses you.
You barely miss the orc. You completely miss the orc.
The orc barely misses you.
You hit the orc.
The orc begins to glow.
The orc is severely wounded.
The orc hits you but does no damage.
You punch the orc!
You kill the orc!
No target in view!
No target in view!
No target in view!
You see here a +0 club.
You open the door.
An orc warlord comes into view.
It is wielding a +3 battleaxe of freezing and wearing a +1 chain mail of cold resistance.
The orc warlord shouts!
The orc warlord hits you with a +3 battleaxe of freezing!!
The orc warlord freezes you!
There is an open door, spattered with blood here.
You barely miss the orc warlord.
The orc warlord hits you with a +3 battleaxe of freezing!!
* * * LOW HITPOINT WARNING * * *
The orc warlord freezes you!
* * * LOW HITPOINT WARNING * * *
Okay, then.
You gain the combat prowess of a mighty hero.
The orc warlord hits you with a +3 battleaxe of freezing!!
* * * LOW HITPOINT WARNING * * *
The orc warlord freezes you!
You die...

#...#.............<
#...#..............
#...#.........>....
#...##.............
*
#...###............
**, *
#...##.....#.......
#...###............
*
#...#*#.#......#...
,,
##p###.....#.####..
,, * #.o.###....###
##. #...# ##..# ##
* #...# ### ,,#####
, , ,, ,,, ,,* , *
* , , * , *


You could see an orc warlord.

Vanquished Creatures
  Erolcha (D:9)
  3 two-headed ogres
  A boulder beetle (D:11)
  Urug (D:10)
  A wizard (D:9)
  Pikel (D:8)
  A manticore (D:11)
  Maurice (D:8)
  A kobold demonologist (D:11)
  3 trolls
  A wraith (D:10)
  A wyvern (D:9)
  A vampire (D:7)
  5 yaks (D:10)
  Grum (D:10)
  7 vampire mosquitoes (D:11)
  2 wargs (D:11)
  An acid dragon (D:11)
  6 orc warriors
  2 ice beasts (D:6)
  2 black bears
  3 ogres
  2 centaurs
  3 wolves (D:10)
  A phantom (D:6)
  2 bullfrogs
  4 kobold brigands
  4 gnoll sergeants
  6 scorpions
  8 wights (D:7)
  3 water moccasin zombies (Ossuary)
  4 killer bees (D:9)
  5 howler monkeys
  A crimson imp (D:9)
  2 jellies
  7 orc priests
  A gnoll bouda (D:7)
  2 hounds
  16 orc wizards
  Natasha (twice) (D:3)
  3 iguanas
  3 mummies
  33 gnolls
  5 adders
  3 white imps (D:6)
  An ufetubus (D:5)
  6 adder zombies (Ossuary)
  A dart slug (D:1)
  60 orcs
  4 endoplasms
  3 giant cockroaches
  4 gnoll zombies (Ossuary)
  34 goblins
  22 hobgoblins
  4 jackals
  30 kobolds
  5 quokkas
  7 ball pythons
  6 bats
  3 frilled lizards
  4 hobgoblin zombies (Ossuary)
  7 kobold zombies
  9 orc zombies
  A rat (D:1)
377 creatures vanquished.

Notes
Turn   | Place    | Note
-------+----------+-------------------------------------------
     0 | D:1      | lunkers the Meteoran Shapeshifter began the quest for the
                  | Orb.
     0 | D:1      | Reached XP level 1. HP: 16/16 MP: 2/2
   278 | D:1      | Reached XP level 2. HP: 17/23 MP: 3/3
   288 | D:1      | Reached skill level 4 in Unarmed Combat
   388 | D:1      | Reached XP level 3. HP: 20/28 MP: 4/4
   503 | D:1      | Glimpsed the power of Zot.
   626 | D:2      | Found Ynyb's Book Shoppe.
   686 | D:2      | Reached XP level 4. HP: 35/35 MP: 5/5
   691 | D:2      | Reached skill level 5 in Unarmed Combat
  1099 | D:3      | Found a faded altar of an unknown god.
  1107 | D:3      | Noticed Natasha
  1117 | D:3      | Killed Natasha
  1118 | D:3      | Reached XP level 5. HP: 37/40 MP: 6/6
  1197 | D:3      | Noticed a black bear
  1204 | D:3      | Killed a black bear
  1205 | D:3      | Reached skill level 6 in Unarmed Combat
  1205 | D:3      | Reached skill level 5 in Shapeshifting
  1205 | D:3      | Reached XP level 6. HP: 35/47 MP: 7/7
  1304 | D:3      | Noticed Natasha
  1308 | D:3      | Killed Natasha
  1692 | D:4      | Noticed an ogre
  1701 | D:4      | Killed an ogre
  1702 | D:4      | Reached skill level 7 in Unarmed Combat
  1702 | D:4      | Reached XP level 7. HP: 17/52 MP: 8/8
  1896 | D:4      | Found a sand-covered staircase.
  1902 | Ossuary  | Entered an ossuary
  1926 | Ossuary  | Reached skill level 8 in Unarmed Combat
  1982 | Ossuary  | Reached XP level 8. HP: 57/59 MP: 9/9
  2084 | Ossuary  | Identified a scroll of acquirement
  2084 | Ossuary  | Acquired the +3 pair of gauntlets of War {Slay+5}
  2084 | Ossuary  | Found the +3 pair of gauntlets of War {Slay+5}
  2430 | D:5      | Entered Level 5 of the Dungeon
  2444 | D:5      | Reached skill level 9 in Unarmed Combat
  3082 | D:5      | Reached skill level 10 in Unarmed Combat
  3146 | D:6      | Gained mutation: You passively map the area around you.
                  | [Meteoran growth]
  3146 | D:6      | Reached XP level 9. HP: 52/64 MP: 10/10
  3262 | D:6      | Found Taekioh's Antique Weapon Shoppe.
  3272 | D:6      | Reached skill level 11 in Unarmed Combat
  3641 | D:7      | Reached XP level 10. HP: 72/77 MP: 11/11
  3784 | D:7      | Found Coalied's Assorted Antiques.
  3826 | D:7      | Found an ornate altar of the Wu Jian Council.
  3872 | D:7      | Reached skill level 12 in Unarmed Combat
  4062 | D:7      | Reached skill level 5 in Dodging
  4236 | D:8      | Noticed Pikel
  4240 | D:8      | Noticed Maurice
  4244 | D:8      | Maurice stole an amulet of reflection
  4254 | D:8      | Maurice stole a maw talisman
  4262 | D:8      | Killed Pikel
  4269 | D:8      | Reached skill level 5 in Fighting
  4270 | D:8      | Something stole 2 throwing nets
  4273 | D:8      | Something stole 82 gold
  4283 | D:8      | Reached skill level 13 in Unarmed Combat
  4288 | D:8      | Something stole 343 gold
  4313 | D:8      | Maurice stole a throwing net
  4314 | D:8      | Killed Maurice
  4460 | D:8      | Reached XP level 11. HP: 58/88 MP: 12/12
  4708 | D:4      | Found a staircase to the Ecumenical Temple.
  4717 | Temple   | Entered the Ecumenical Temple
  4787 | Temple   | Became a worshipper of Warmaster Okawaru
  4988 | D:9      | Noticed Erolcha
  5011 | D:9      | Killed Erolcha
  5012 | D:9      | Reached skill level 1 in Invocations
  5050 | D:9      | Noticed a wizard
  5056 | D:9      | Killed a wizard
  5056 | D:9      | Reached * piety under Okawaru
  5348 | D:9      | Noticed an ice statue
  5379 | D:10     | Entered Level 10 of the Dungeon
  5456 | D:10     | Noticed a two-headed ogre
  5465 | D:10     | Killed a two-headed ogre
  5465 | D:10     | Reached ** piety under Okawaru
  5466 | D:10     | Reached skill level 14 in Unarmed Combat
  5484 | D:10     | Noticed Urug
  5489 | D:10     | Noticed a two-headed ogre
  5497 | D:10     | Killed Urug
  5505 | D:10     | Killed a two-headed ogre
  5518 | D:10     | Found a broken altar of Ashenzari.
  5540 | D:10     | Noticed Grum
  5546 | D:10     | Reached skill level 10 in Shapeshifting
  5557 | D:10     | Killed Grum
  5588 | D:10     | Noticed an oklob plant
  5591 | D:10     | Found a staircase to the Lair.
  5602 | D:10     | Noticed an oklob plant
  5671 | D:10     | Found a bloodstained altar of Trog.
  5759 | D:10     | Reached *** piety under Okawaru
  5763 | D:10     | Reached XP level 12. HP: 93/97 MP: 16/16
  5982 | D:11     | Noticed a boulder beetle
  6018 | D:11     | Reached skill level 5 in Invocations
  6031 | D:11     | Killed a boulder beetle
  6049 | D:11     | Found a staircase to the Orcish Mines.
  6061 | D:11     | Reached **** piety under Okawaru
  6132 | D:11     | Reached skill level 15 in Unarmed Combat
  6431 | D:11     | Noticed a two-headed ogre
  6457 | D:11     | Killed a two-headed ogre
  6627 | Orc:1    | Entered Level 1 of the Orcish Mines
  6741 | Orc:1    | Noticed an orc warlord
  6744 | Orc:1    | HP: 1/101 [orc warlord/+3 battleaxe of freezing (25)]
  6744 | Orc:1    | Mangled by an orc warlord

Illustrated notes

Levels and vault maps discovered:
D:1:      spicycebolla_arrival_transporter_tutorial, layout_basic,
          minmay_split_cup_large
D:2:      layout_loops_ring, serial_shops, shop, serial_aquarium,
          aquarium_bridge_square [aquarium_subvault_balcony,
          aquarium_subvault_wall, aquarium_subvault_wall,
          aquarium_subvault_bridge], aquarium_bridge_island_small
          [aquarium_subvault_small_water, aquarium_subvault_bridge,
          aquarium_subvault_balcony, aquarium_subvault_wall,
          aquarium_subvault_balcony], aquarium_window_fake,
          aquarium_window_corner, aquarium_window_fake, aquarium_window_1,
          aquarium_view_2d, aquarium_pool_2
D:3:      minmay_diamond_boxcup, layout_basic, ebering_ecumenical_altar_mist,
          uniq_natasha, uniq_terence
D:4:      nicolae_cairo_tiling_large, layout_basic, nicolae_ossuary_entry_giza,
          st_stairs_7, palyth_stone_intersect
D:5:      minmay_goblin_kobold_castle, layout_basic
D:6:      layout_rooms, lemuel_zombie_altar_yredelemnul, serial_shops,
          nicolae_shop_overgrown_old_shop
D:7:      layout_loops_cross, general_overflow_altar, serial_shops, shop
D:8:      layout_basic, mainiacjoe_overflow_swirl, uniq_maurice, uniq_pikel,
          uniq_erica
D:9:      lemuel_ice_statue, layout_basic, lightli_wizard_tower, uniq_erolcha
D:10:     layout_gridville, lightli_temple_of_fire,
          mainiacjoe_overflow_small_starburst, dpeg_oklobed_lair, uniq_grum,
          uniq_urug, uniq_psyche
D:11:     layout_loops_ring, erik_orc_4, serial_co_window_serial,
          co_window_paths_a, co_window_paths_b, co_window_paths_a,
          co_window_paths_b, co_window_of_opportunity_a, co_window_cross_1,
          co_window_corner_b, co_window_corner_b, co_window_broadway_a,
          co_window_corner_cb, co_window_cross_2, glass_columns_b,
          glass_columns_a, grunt_ministairs_12
Temple:   minmay_temple_bridge_d
Orc:1:    layout_caves, basic_altar, minmay_orc_barracks

Skill      XL: |  1  2  3  4  5  6  7  8  9 10 11 12 |
---------------+-------------------------------------+-----
Unarmed Combat | 4 5 6 7 8 10 11 13 14 15 | 15.4
Shapeshifting  | 4 5 6 7 8 9 10 | 10.6
Fighting       | 3 5 6 7 |  7.7
Dodging        | 3 5 7 8 |  8.0
Invocations    | 4 6 |  6.1

Action                     |  1- 3 |  4- 6 |  7- 9 | 10-12 || total
---------------------------+-------+-------+-------+-------++-------
  Melee: Unarmed           |    67 |    90 |   368 |   491 ||  1016
         Punch             |     3 |     1 |     4 |       ||     8
 Invoke: Heroism           |       |       |       |     2 ||     2
  Evoke: Wand              |       |       |       |     2 ||     2
    Use: Scroll            |       |       |    14 |     8 ||    22
         Potion            |       |       |       |     2 ||     2
 Armour: Animal skin       |    34 |       |       |       ||    34
         Scale mail        |    12 |    38 |   279 |    83 ||   412
         Skin              |       |     5 |       |       ||     5
         Troll leather arm |       |       |       |   214 ||   214
  Dodge: Dodged            |    47 |    40 |   185 |   316 ||   588
   Form: Flux              |       |       |     1 |       ||     1

Table legend: (Time is in decaauts)
 A = Elapsed time spent in this place.
 B = Non-inter-level travel time spent in this place.
 C = Inter-level travel time spent in this place.
 D = Time resting spent in this place.
 E = Time spent auto-exploring this place.
 F = Levels seen in this place.
 G = Mean time per level.
                   A        B        C        D        E       F      G
               +--------+--------+--------+--------+--------+-----+--------+
         Total |   6534 |   6026 |    508 |      0 |   3782 |  14 |  466.7 |
       Dungeon |   6070 |   5697 |    373 |      0 |   3653 |  11 |  551.8 |
        Temple |    157 |     23 |    134 |      0 |      0 |   1 |  157.0 |
  Orcish Mines |    105 |    105 |      0 |      0 |     54 |   1 |  105.0 |
       Ossuary |    200 |    200 |      0 |      0 |     75 |   1 |  200.0 |
               +--------+--------+--------+--------+--------+-----+--------+

Top non-repeatable levels by time:
     D:7: 759 daAuts
     D:5: 705 daAuts
    D:11: 698 daAuts
     D:4: 693 daAuts
     D:2: 578 daAuts
     D:3: 541 daAuts
     D:1: 512 daAuts
    D:10: 495 daAuts
     D:6: 437 daAuts
     D:9: 384 daAuts
     D:8: 265 daAuts
 Ossuary: 200 daAuts
  Temple: 157 daAuts
   Orc:1: 105 daAuts
